 Dungeon Crawl Stone Soup version 0.30-a0-374-g95c0257040 (webtiles) character file.

Game seed: 3127044484615463047

71 Bnni the Shield-Bearer (level 4, -1/37 HPs)
             Began as a Formicid Fighter on Nov 26, 2022.
             Slain by Grinder (5 damage)
             ... on level 3 of the Dungeon.
             The game lasted 00:02:36 (1694 turns).

Bnni the Shield-Bearer (Formicid Fighter)           Turns: 1694, Time: 00:02:37

Health: -1/37      AC:  6    Str: 23    XL:     4   Next: 47%
Magic:  13/13      EV:  9    Int:  7    God:
Gold:   115        SH:  6    Dex: 19    Spells: 3/3 levels left

rFire   . . .      SeeInvis +    a - +0 trident
rCold   . . .      Faith    .    c - +0 buckler
rNeg    . . .      Spirit   .    b - +0 scale mail
rPois   .          Reflect  .    (helmet unavailable)
rElec   .          Harm     .    (no cloak)
rCorr   .          Rampage  .    (no gloves)
Will    .....                    (no boots)
Stlth   ..........               (no amulet)
HPRegen 0.26/turn                p - +6 ring of dexterity
MPRegen 0.13/turn                h - ring of magical power

@: no status effects
A: permanent stasis, dig shafts and tunnels, antennae 3, four strong arms
a: Dig, Shaft Self


You were on level 3 of the Dungeon.
You visited 1 branch of the dungeon, and saw 3 of its levels.

You collected 115 gold pieces.

Inventory:

Hand Weapons
 a - a +0 trident (weapon)
Missiles
 i - 2 boomerangs
 m - 6 poisoned darts
Armour
 b - a +0 scale mail (worn)
 c - a +0 buckler (worn)
Jewellery
 h - a ring of magical power (right hand)
 p - a +6 ring of dexterity (left hand)
 q - a ring of fire
Scrolls
 e - a scroll of blinking {unknown}
 f - 4 scrolls of teleportation {unknown}
 o - 3 scrolls of identify {unknown}
Potions
 d - a potion of might
 g - a potion of cancellation {unknown}
 j - a potion of brilliance {unknown}
 k - a potion of experience {unknown}
 l - 2 potions of heal wounds {unknown}
 n - a potion of resistance {unknown}


   Skills:
 + Level 3.9 Fighting
 * Level 3.2 Polearms
 - Level 3.2 Armour
 - Level 5.0 Shields


You had 3 spell levels left.
You didn't know any spells.
Your spell library contained the following spells:

 Spells                   Type           Power      Damage    Failure   Level
 Anguish                  Hex/Necr       0%         N/A       100%        4
 Enfeeble                 Hex            0%         N/A       100%        7


Dungeon Overview and Level Annotations

Branches:
Dungeon (3/15)

Altars:

Annotations:
D:3 Grinder


Innate Abilities, Weirdness & Mutations

You cannot be hasted, slowed, berserked, paralysed or teleported.
You can dig through walls and to a lower floor.
You have a pair of large antennae on your head. (SInv)
Your four strong arms can wield two-handed weapons with a shield.


Message History

You completely miss Grinder.
Grinder is heavily wounded.
Grinder gestures at you.
Your stasis prevents you from being paralysed.
You closely miss Grinder.
Grinder is heavily wounded.
Grinder hits you.
You writhe in agony.
You puncture Grinder!
Grinder is almost dead.
Grinder hits you.
You writhe in agony.
You hit Grinder.
Grinder is almost dead.
Grinder barely misses you. You block Grinder's attack.
You barely miss Grinder.
Grinder is almost dead.
Grinder hits you.
You are too injured to fight recklessly!
You are too injured to fight recklessly!
You are too injured to fight recklessly!
You are too injured to fight recklessly!
You are too injured to fight recklessly!
You are too injured to fight recklessly!
You are too injured to fight recklessly!
You are too injured to fight recklessly!
You are too injured to fight recklessly!
You are too injured to fight recklessly!
You are too injured to fight recklessly!
Unknown command.
You are too injured to fight recklessly!
You are too injured to fight recklessly!
You hit Grinder.
Grinder is almost dead.
Grinder hits you!
* * * LOW HITPOINT WARNING * * *
You barely miss Grinder.
Grinder is almost dead.
Grinder hits you.
* * * LOW HITPOINT WARNING * * *
You writhe in agony.
You die...

........# ........#
........# ....>...#
........#
........###########
..................#
..................#
######...5@.......##
#..............
#########.##### # {


You could see Grinder.

Vanquished Creatures
  2 adders (D:2)
  A worm (D:2)
  2 dart slugs
  8 endoplasms
  5 goblins
  3 hobgoblins
  3 kobolds
  A quokka (D:1)
  4 ball pythons
  5 bats
  4 frilled lizards
  6 rats
44 creatures vanquished.

Vanquished Creatures (others)
  8 plants (D:2)
8 creatures vanquished.

Grand Total: 52 creatures vanquished

Notes
Turn   | Place    | Note
-------+----------+-------------------------------------------
     0 | D:1      | Bnni the Formicid Fighter began the quest for the Orb.
     0 | D:1      | Reached XP level 1. HP: 18/18 MP: 1/1
    54 | D:1      | Reached XP level 2. HP: 24/24 MP: 2/2
    93 | D:1      | Found a faded altar of an unknown god.
   557 | D:1      | Reached XP level 3. HP: 28/29 MP: 3/3
  1185 | D:2      | Reached skill level 5 in Shields
  1185 | D:2      | Reached XP level 4. HP: 29/37 MP: 4/4
  1672 | D:3      | Noticed Grinder
  1694 | D:3      | Slain by Grinder

Illustrated notes

Levels and vault maps discovered:
D:1:      dpeg_arrival_short_road, layout_basic,
          hellmonk_ecumenical_altar_lost_god
D:2:      layout_loops_ring, serial_bayou_ford_a
D:3:      layout_basic, hangedman_decor_growths, uniq_grinder

Skill      XL: |  1  2  3  4 |
---------------+-------------+-----
Shields        | 5 |  5.0
Polearms       | 3 |  3.2
Fighting       | |  3.9
Armour         | |  3.2

Action                   |  1- 3 |  4- 6 || total
-------------------------+-------+-------++-------
Melee: Trident           |    91 |    55 ||   146
Armor: Scale mail        |    31 |    12 ||    43
Dodge: Dodged            |    22 |    18 ||    40
Block: Buckler           |    13 |     8 ||    21

Table legend: (Time is in decaauts)
 A = Elapsed time spent in this place.
 B = Non-inter-level travel time spent in this place.
 C = Inter-level travel time spent in this place.
 D = Time resting spent in this place.
 E = Time spent auto-exploring this place.
 F = Levels seen in this place.
 G = Mean time per level.
                   A        B        C        D        E       F      G
               +--------+--------+--------+--------+--------+-----+--------+
         Total |   1729 |   1657 |     72 |      0 |   1316 |   3 |  576.3 |
       Dungeon |   1729 |   1657 |     72 |      0 |   1316 |   3 |  576.3 |
               +--------+--------+--------+--------+--------+-----+--------+

Top non-repeatable levels by time:
     D:1: 778 daAuts
     D:2: 759 daAuts
     D:3: 191 daAuts
